AoeStats
← Ssshanto

Arabia

505526476Analyzed
1v1 RM · 24d ago on Sep 9, 2026· 35m 49s· 2 players
Game mode
Random Map
Map size
Tiny (2 player)
Population
200
Speed
Normal
Resources
Standard
Victory
Conquest
Starting age
Dark Age
Ending age
Imperial Age
RankedLock teamsTeams togetherTeam positionsShared explorationLock speedFull tech treeHidden civsTurbo modeCheats
Victory
Defeat
🇧🇩 Celts · Bangladesh
1065
+24
🇪🇨 Mongols · Ecuador
1056
-16
| CZK | CONANJD
8:48 Feudal Age
8:51 Loom
8:57 Loom
9:21 Double-Bit Axe
9:19 Horse Collar
20:17 Fletching
23:37 Castle Age
23:18 Gold Mining
23:57 Crossbowman
25:44 Bodkin Arrow
25:56 Thumb Ring
30:05 Bow Saw
31:02 Scale Barding Armor
32:42 Chain Barding Armor
33:47 Bloodlines
33:38 Husbandry
Ssshanto
6:14 Loom
8:55 Feudal Age
10:10 Double-Bit Axe
10:07 Horse Collar
10:50 Man-at-Arms
12:24 Arson
22:33 Castle Age
21:59 Gold Mining
22:32 Scale Mail Armor
22:33 Long Swordsman
22:59 Gambesons
24:17 Bow Saw
26:44 Chain Mail Armor
31:08 Heavy Plow
31:38 Forging
32:09 Gold Shaft Mining
33:24 Iron Casting
Connection lost

Rejoining the realm…

Still unreachable

The connection could not be restored.

Session expired

The server has moved on; the page needs a fresh start.